Punishers vs Comets
(R1)
Created - November 4, 2022 at 19:26
Goals
|
| Punishers |
1 |
0 |
3 |
4 |
| Comets |
2 |
2 |
1 |
5 |
|
Shots
|
| Punishers |
11 |
16 |
9 |
36 |
| Comets |
12 |
14 |
7 |
33 |
|
1st period
1. Comets , Andrej Nestrasil 1 (Dennis Everberg 1, Christian Dvorak 1) at 8:57
2. Punishers , Corey Tropp 2 (Radek Faksa 2) at 14:12
3. Comets , Phil Di Giuseppe 1 (Juho Lammikko 1, Juuso Riikola 1) at 16:33
Penalties :
Phil Di Giuseppe (Uti) for Slashing (Minor) at 17:58
2nd period
4. Comets , Kurtis Macdermid 1 (Joshua Leivo 1, Scott Harrington 1) at 1:11
5. Comets , Teemu Pulkkinen 1 (Sami Niku 1) at 8:13
Penalties :
Christian Dvorak (Uti) for Roughing (Minor) at 3:11, Andrej Nestrasil (Uti) for Diving (Minor) at 12:46, Juuso Riikola (Uti) for Interference (Minor) at 13:39, Phillip Danault (Pro) for Hooking (Minor) at 19:42
3rd period
6. Punishers , Radek Faksa 3 (Oskar Lindblom 1) at 17:31 (PP)
7. Punishers , Kevin Roy 1 (Kole Lind 1, Alex Petrovic 2) at 17:43
8. Comets , Christian Dvorak 1 (Dennis Everberg 2, Oliver Kylington 2) at 19:25 (Empty Net)
9. Punishers , Carter Ashton 1 (Phillip Danault 1, John Quenneville 1) at 19:35
Penalties :
Adam Ollas-Mattsson (Uti) for Hooking (Minor) at 2:01, Anton Blidh (Pro) for Boarding (Major) at 7:52, Adam Ruzicka (Uti) for Tripping (Minor) at 17:21
Goalie Stats
Louis Domingue (Pro), 28 saves from 32 shots - (0.875), L, 1-1-0, 58:58 minutes
Thatcher Demko (Uti), 32 saves from 36 shots - (0.889), W, 1-1-0, 60:00 minutes
Players Stats for Punishers
Player Name G A P +/- PIM S H SB GA TA FO MP PP MP PK MP
------------------------------------------------------------------------------------
Alex Petrovic 0 1 1 -2 0 9 1 4 0 2 0/0 29:43 5:17 3:54
Anton Blidh 0 0 0 0 5 2 1 0 1 0 0/0 9:54 0:00 1:12
Artem Zub 0 0 0 0 0 1 2 1 0 1 0/0 20:07 3:42 3:54
Austen Brassard 0 0 0 0 0 1 0 0 0 0 0/0 8:30 0:00 0:00
Ben Betker 0 0 0 0 0 2 2 3 1 1 0/0 19:34 3:42 3:04
Carter Ashton 1 0 1 1 0 4 1 0 1 0 0/0 14:00 3:41 0:00
Corey Tropp 1 0 1 -1 0 2 1 0 2 0 1/2 18:14 5:18 0:00
Daniel Audette 0 0 0 0 0 0 1 0 0 1 4/5 10:13 0:00 1:30
Fredrik Claesson 0 0 0 0 0 0 0 0 0 0 0/0 10:59 0:00 0:12
John Quenneville 0 1 1 1 0 2 1 0 0 1 5/9 16:00 3:41 2:00
Kevin Roy 1 0 1 -2 0 4 0 0 1 0 3/8 12:05 0:00 0:00
Kole Lind 0 1 1 -2 0 1 1 0 1 0 0/0 12:05 0:00 0:00
Niko Mikkola 0 0 0 0 0 0 0 0 0 0 0/0 10:43 0:00 0:00
Noah Juulsen 0 0 0 -2 0 1 1 1 0 1 0/0 28:54 5:17 2:52
Oskar Lindblom 0 1 1 -1 0 2 1 0 0 0 0/1 20:35 5:18 2:45
Phillip Danault 0 1 1 1 2 4 2 0 0 0 1/2 16:55 3:41 2:19
Radek Faksa 1 1 2 -1 0 1 2 0 1 0 19/38 21:42 5:18 3:28
Tanner Jeannot 0 0 0 -2 0 0 3 0 0 0 0/0 12:47 0:00 0:42
Players Stats for Comets
Player Name G A P +/- PIM S H SB GA TA FO MP PP MP PK MP
------------------------------------------------------------------------------------
Adam Ollas-Mattsson 0 0 0 1 2 0 1 0 0 0 0/0 5:05 0:00 0:17
Adam Ruzicka 0 0 0 1 2 0 0 0 0 0 1/5 10:51 0:29 1:29
Andrej Nestrasil 1 0 1 1 2 5 1 1 0 1 21/41 23:39 3:16 4:30
Chandler Stephenson 0 0 0 1 0 0 0 0 0 0 3/4 8:10 0:00 0:00
Christian Dvorak 1 1 2 1 2 3 1 0 0 0 2/5 22:10 3:18 1:14
Dan Renouf 0 0 0 0 0 0 0 2 0 0 0/0 6:53 0:00 5:34
Daniil Miromanov 0 0 0 0 0 1 0 0 0 0 0/0 13:59 3:19 0:53
Dennis Everberg 0 2 2 1 0 3 1 1 2 0 2/3 25:17 3:19 5:11
Joachim Blichfeld 0 0 0 0 0 0 0 0 0 0 0/0 1:24 0:00 0:00
Joshua Leivo 0 1 1 0 0 0 1 0 0 0 0/0 9:45 1:34 0:00
Juho Lammikko 0 1 1 1 0 0 0 0 1 0 0/0 9:18 0:05 0:00
Juuso Riikola 0 1 1 0 2 0 2 0 1 1 0/0 18:09 3:19 2:01
Kale Clague 0 0 0 0 0 0 0 0 0 0 0/0 14:27 3:39 0:00
Kurtis Macdermid 1 0 1 0 0 2 3 0 0 1 0/1 16:39 2:39 0:56
Nicolas Petan 0 0 0 -1 0 3 2 0 0 0 3/5 15:54 3:03 1:46
Oliver Kylington 0 1 1 1 0 4 1 1 2 0 0/0 26:28 3:39 3:08
Phil Di Giuseppe 1 0 1 1 2 2 0 0 0 0 0/0 9:05 0:10 0:00
Sami Niku 0 1 1 0 0 1 0 0 0 2 0/0 7:41 0:00 0:00
Scott Harrington 0 1 1 2 0 1 1 2 0 3 0/0 28:45 0:00 6:04
Teemu Pulkkinen 1 0 1 0 0 8 0 1 1 0 0/1 16:10 3:01 1:46
3 Stars
1 - Christian Dvorak (Uti)
2 - Dennis Everberg (Uti)
3 - Kurtis Macdermid (Uti)
Power Play
Punishers - 1 on 6 Attempt(s) - 16.67%
Comets - 0 on 2 Attempt(s) - 0.00%
Penalty Kill
Punishers - 2 on 2 Attempt(s) - 100.00%
- Score 0 goal in Penalty Kill
Comets - 5 on 6 Attempt(s) - 83.33%
- Score 0 goal in Penalty Kill
Team Stat
Punishers - Hits : 20 - Faceoff Wins : 33 - Blocked Shots : 9 - Penalty Minutes : 7
Comets - Hits : 14 - Faceoff Wins : 32 - Blocked Shots : 8 - Penalty Minutes : 12
Official
Referees : Brad Meier and Brian Pochmara
Linesman : Trent Knorr and Kiel Murchison
Game Notes
Joachim Blichfeld is injured at 4:48 of 1st period (Left Foot)
Christian Dvorak has scored in a empty net!
Finance
Level 1 -- Attendance: 1791 (89.55%) -- Ticket Income $62,685
Level 2 -- Attendance: 870 (87.00%) -- Ticket Income $13,050
Total Attendance: 2661 (88.70%)
Total Ticket Income: $75,735
Other Income: $3,787
Total Income: $79,522
Punishers
5 vs 5 Forward
Center Left Wing Right Wing Time % Phy DF OF
1 Radek Faksa Oskar Lindblom Corey Tropp 40 0 1 4
2 John Quenneville Phillip Danault Carter Ashton 30 0 2 3
3 Kevin Roy Tanner Jeannot Kole Lind 20 0 2 3
4 Daniel Audette Anton Blidh Austen Brassard 10 0 2 3
5 vs 5 Defense
Defense Defense Time % Phy DF OF
1 Alex Petrovic Noah Juulsen 40 1 2 2
2 Ben Betker Artem Zub 30 1 2 2
3 Fredrik Claesson Niko Mikkola 20 1 2 2
4 Alex Petrovic Noah Juulsen 10 1 2 2
PowerPlay Forward
Center Left Wing Right Wing Time % Phy DF OF
1 Radek Faksa Oskar Lindblom Corey Tropp 60 1 2 2
2 John Quenneville Phillip Danault Carter Ashton 40 1 2 2
PowerPlay Defense
Defense Defense Time % Phy DF OF
1 Alex Petrovic Noah Juulsen 60 1 2 2
2 Ben Betker Artem Zub 40 1 2 2
Penalty Kill 4 Players Forward
Center Wing Time % Phy DF OF
1 Radek Faksa Phillip Danault 60 1 2 2
2 John Quenneville Anton Blidh 40 1 2 2
Penalty Kill 4 Players Defense
Defense Defense Time % Phy DF OF
1 Alex Petrovic Artem Zub 60 1 2 2
2 Ben Betker Noah Juulsen 40 1 2 2
Penalty Kill - 3 Players Forward
Forward Time % Phy DF OF
1 Radek Faksa 60 1 2 2
2 John Quenneville 40 1 2 2
Penalty Kill - 3 Players Defense
Defense Defense Time % Phy DF OF
1 Alex Petrovic Artem Zub 60 1 2 2
2 Ben Betker Noah Juulsen 40 1 2 2
4 vs 4 Forward
Center Wing Time % Phy DF OF
1 Radek Faksa Corey Tropp 60 1 2 2
2 John Quenneville Oskar Lindblom 40 1 2 2
4 vs 4 Defense
Defense Defense Time % Phy DF OF
1 Alex Petrovic Noah Juulsen 60 1 2 2
2 Ben Betker Artem Zub 40 1 2 2
Last Minutes Offensive
Center Left Wing Right Wing Defense Defense
Radek Faksa Phillip Danault Corey Tropp Alex Petrovic Noah Juulsen
Last Minutes Defensive
Center Left Wing Right Wing Defense Defense
Radek Faksa Phillip Danault Corey Tropp Alex Petrovic Artem Zub
Goaltenders
Starting : Louis Domingue
Backup : Daniel Altshuller
Extra Forwards
Normal : Phillip Danault, Austen Brassard, Anton Blidh - PP : Phillip Danault, Austen Brassard - PK : Phillip Danault
Extra Defensemen
Normal : Noah Juulsen, Fredrik Claesson, Niko Mikkola - PP : Noah Juulsen - PK : Noah Juulsen, Fredrik Claesson
Penalty Shots
Corey Tropp, Radek Faksa, John Quenneville, Carter Ashton, Phillip Danault
Scratches
Connor Clifton (Healthy), Ben Meyers (Healthy), John Hayden (Healthy), Nicolas Roy (Healthy), Alexander Nylander (Healthy)
Beck Malenstyn (Healthy), Carson Meyer (Healthy)
Comets
5 vs 5 Forward
Center Left Wing Right Wing Time % Phy DF OF
1 Andrej Nestrasil Christian Dvorak Dennis Everberg 58 1 2 2
2 Nicolas Petan Teemu Pulkkinen Joachim Blichfeld 23 1 2 2
3 Chandler Stephenson Kurtis Macdermid Joshua Leivo 15 1 2 2
4 Adam Ruzicka Phil Di Giuseppe Juho Lammikko 4 1 2 2
5 vs 5 Defense
Defense Defense Time % Phy DF OF
1 Oliver Kylington Scott Harrington 60 1 2 2
2 Kale Clague Juuso Riikola 23 1 2 2
3 Sami Niku Daniil Miromanov 13 1 2 2
4 Scott Harrington Adam Ollas-Mattsson 4 1 2 2
PowerPlay Forward
Center Left Wing Right Wing Time % Phy DF OF
1 Andrej Nestrasil Christian Dvorak Dennis Everberg 70 0 0 5
2 Nicolas Petan Teemu Pulkkinen Joachim Blichfeld 30 0 0 5
PowerPlay Defense
Defense Defense Time % Phy DF OF
1 Oliver Kylington Kale Clague 70 0 0 5
2 Juuso Riikola Daniil Miromanov 30 1 2 2
Penalty Kill 4 Players Forward
Center Wing Time % Phy DF OF
1 Andrej Nestrasil Dennis Everberg 60 1 2 2
2 Nicolas Petan Teemu Pulkkinen 40 1 2 2
Penalty Kill 4 Players Defense
Defense Defense Time % Phy DF OF
1 Scott Harrington Dan Renouf 60 1 2 2
2 Juuso Riikola Oliver Kylington 40 1 2 2
Penalty Kill - 3 Players Forward
Forward Time % Phy DF OF
1 Andrej Nestrasil 60 1 2 2
2 Dennis Everberg 40 1 2 2
Penalty Kill - 3 Players Defense
Defense Defense Time % Phy DF OF
1 Scott Harrington Oliver Kylington 60 1 2 2
2 Dan Renouf Juuso Riikola 40 1 2 2
4 vs 4 Forward
Center Wing Time % Phy DF OF
1 Andrej Nestrasil Dennis Everberg 60 1 2 2
2 Nicolas Petan Teemu Pulkkinen 40 1 2 2
4 vs 4 Defense
Defense Defense Time % Phy DF OF
1 Scott Harrington Oliver Kylington 60 1 2 2
2 Kale Clague Juuso Riikola 40 1 2 2
Last Minutes Offensive
Center Left Wing Right Wing Defense Defense
Andrej Nestrasil Christian Dvorak Joachim Blichfeld Scott Harrington Oliver Kylington
Last Minutes Defensive
Center Left Wing Right Wing Defense Defense
Andrej Nestrasil Teemu Pulkkinen Dennis Everberg Scott Harrington Juuso Riikola
Goaltenders
Starting : Thatcher Demko
Backup : Casey DeSmith
Extra Forwards
Normal : Kurtis Macdermid, Nicolas Petan, Christian Dvorak - PP : Kurtis Macdermid, Nicolas Petan - PK : Christian Dvorak
Extra Defensemen
Normal : Scott Harrington, Daniil Miromanov, Dan Renouf - PP : Scott Harrington - PK : Daniil Miromanov, Dan Renouf
Penalty Shots
Christian Dvorak, Dennis Everberg, Joshua Leivo, Joachim Blichfeld, Teemu Pulkkinen
Scratches
Anton Karlsson (Healthy), Anton Zlobin (Healthy), Lane Pederson (Healthy), Jaret Anderson-Dolan (Healthy), Mackenzie MacEachern (Healthy)
Michael Joly (Healthy), Jack Rathbone (Healthy), Tyler Graovac (Healthy), William Lagesson (Healthy), William Lockwood (Healthy)
Rasmus Asplund (Healthy), Oskar Steen (Healthy), Dmitry Sokolov (Healthy), Marek Langhamer (Healthy), Michael Dipietro (Healthy)
% Time on Ice - Punishers
Lines # - Real PCT - Wanted PCT - Time Play
Normal Forward
1 - 30% - 40% - 12:54
2 - 24% - 30% - 10:19
3 - 28% - 20% - 12:05
4 - 19% - 10% - 8:21
Normal Defense
1 - 44% - 40% - 19:01
2 - 28% - 30% - 12:01
3 - 24% - 20% - 10:36
4 - 5% - 10% - 2:01
PP Forward
1 - 59% - 60% - 5:18
2 - 41% - 40% - 3:41
PP Defense
1 - 59% - 60% - 5:17
2 - 41% - 40% - 3:42
PK Forward
1 - 73% - 60% - 5:07
2 - 27% - 40% - 1:51
PK Defense
1 - 59% - 60% - 4:06
2 - 41% - 40% - 2:52
PK3 Forward
1 - 0% - 60%
2 - 0% - 40%
PK3 Defense
1 - 0% - 60%
2 - 0% - 40%
44 Forward
1 - 0% - 60%
2 - 0% - 40%
44 Defense
1 - 0% - 60%
2 - 0% - 40%
Last Minute Offensive - 0:24
Last Minute Defensive - 0:00
Total
Forward - 60:00
Defense - 60:00
|
% Time on Ice - Comets
Lines # - Real PCT - Wanted PCT - Time Play
Normal Forward
1 - 36% - 58% - 15:31
2 - 25% - 23% - 11:04
3 - 19% - 15% - 8:10
4 - 20% - 4% - 8:54
Normal Defense
1 - 46% - 60% - 20:13
2 - 31% - 23% - 13:22
3 - 18% - 13% - 7:41
4 - 5% - 4% - 2:23
PP Forward
1 - 43% - 70% - 3:01
2 - 57% - 30% - 3:57
PP Defense
1 - 52% - 70% - 3:39
2 - 48% - 30% - 3:19
PK Forward
1 - 78% - 60% - 6:07
2 - 22% - 40% - 1:46
PK Defense
1 - 71% - 60% - 5:34
2 - 29% - 40% - 2:19
PK3 Forward
1 - 100% - 60% - 1:06
2 - 0% - 40% - 0:00
PK3 Defense
1 - 100% - 60% - 1:06
2 - 0% - 40% - 0:00
44 Forward
1 - 0% - 60%
2 - 0% - 40%
44 Defense
1 - 0% - 60%
2 - 0% - 40%
Last Minute Offensive - 0:00
Last Minute Defensive - 0:24
Total
Forward - 60:00
Defense - 60:00
|
Play-by-Play
1st period
0:01 of 1st period - Radek Faksa wins face-off versus Andrej Nestrasil in neutral zone.
0:27 of 1st period - Phillip Danault is hit by Oliver Kylington and loses puck.
0:55 of 1st period - Off-side.
0:56 of 1st period - Daniel Audette wins face-off versus Andrej Nestrasil in neutral zone.
1:01 of 1st period - Wrist shot by Anton Blidh.
1:01 of 1st period - Shot Blocked by Dennis Everberg.
1:46 of 1st period - Snap shot by Nicolas Petan.
1:46 of 1st period - Stopped by Louis Domingue with a rebound.
1:52 of 1st period - Wrist shot by Teemu Pulkkinen.
1:52 of 1st period - Stopped by Louis Domingue without a rebound.
1:53 of 1st period - Radek Faksa wins face-off versus Andrej Nestrasil in Punishers zone.
2:24 of 1st period - Slapshot by Joshua Leivo.
2:24 of 1st period - Shot Blocked by Ben Betker.
2:46 of 1st period - Slapshot by Carter Ashton.
2:46 of 1st period - Stopped by Thatcher Demko without a rebound.
2:47 of 1st period - Radek Faksa wins face-off versus Andrej Nestrasil in Comets zone.
3:43 of 1st period - Wrist shot by John Quenneville.
3:43 of 1st period - Shot Misses the Net.
3:45 of 1st period - Slapshot by Phillip Danault.
3:45 of 1st period - Shot Misses the Net.
3:47 of 1st period - Snap shot by Carter Ashton.
3:47 of 1st period - Stopped by Thatcher Demko with a rebound.
4:07 of 1st period - Snap shot by John Quenneville.
4:07 of 1st period - Deflect By Kurtis Macdermid.
4:07 of 1st period - Shot Misses the Net.
4:07 of 1st period - Puck is out of play.
4:08 of 1st period - Andrej Nestrasil wins face-off versus Radek Faksa in Comets zone.
4:13 of 1st period - Snap shot by Christian Dvorak.
4:13 of 1st period - Deflect By Noah Juulsen.
4:13 of 1st period - Stopped by Louis Domingue without a rebound.
4:14 of 1st period - Radek Faksa wins face-off versus Andrej Nestrasil in Punishers zone.
4:23 of 1st period - Wrist shot by Andrej Nestrasil.
4:23 of 1st period - Shot Misses the Net.
4:40 of 1st period - Icing by Corey Tropp.
4:41 of 1st period - Kevin Roy wins face-off versus Teemu Pulkkinen in Punishers zone.
4:41 of 1st period - Kevin Roy is hit by Nicolas Petan.
4:47 of 1st period - Joachim Blichfeld is hit by Tanner Jeannot.
4:48 of 1st period - Joachim Blichfeld from Comets is injured at 4:48 of 1st period (Left Foot).
4:49 of 1st period - Daniel Audette wins face-off versus Andrej Nestrasil in Comets zone.
4:54 of 1st period - Wrist shot by Anton Blidh.
4:54 of 1st period - Shot Misses the Net.
5:14 of 1st period - Oskar Lindblom is hit by Scott Harrington and loses puck.
5:51 of 1st period - Icing by Phil Di Giuseppe.
5:52 of 1st period - Kevin Roy wins face-off versus Adam Ruzicka in Comets zone.
5:59 of 1st period - Slapshot by Alex Petrovic.
5:59 of 1st period - Stopped by Thatcher Demko with a rebound.
6:01 of 1st period - Slapshot by Alex Petrovic.
6:01 of 1st period - Deflect By Kevin Roy.
6:01 of 1st period - Shot Misses the Net.
6:01 of 1st period - Puck is out of play.
6:02 of 1st period - Andrej Nestrasil wins face-off versus Kevin Roy in Comets zone.
6:16 of 1st period - Scott Harrington is hit by Tanner Jeannot and loses puck.
6:25 of 1st period - Wrist shot by Kevin Roy.
6:25 of 1st period - Stopped by Thatcher Demko without a rebound.
6:26 of 1st period - Chandler Stephenson wins face-off versus John Quenneville in Comets zone.
6:51 of 1st period - Artem Zub is hit by Adam Ollas-Mattsson and loses puck.
8:23 of 1st period - Off-side.
8:24 of 1st period - Adam Ruzicka wins face-off versus Daniel Audette in neutral zone.
8:57 of 1st period - Slapshot by Andrej Nestrasil.
8:57 of 1st period - Goal by Andrej Nestrasil - Punishers : 0 - Comets : 1.
8:58 of 1st period - Radek Faksa wins face-off versus Andrej Nestrasil in neutral zone.
9:03 of 1st period - Wrist shot by Christian Dvorak.
9:03 of 1st period - Shot Misses the Net.
9:05 of 1st period - Slapshot by Scott Harrington.
9:05 of 1st period - Deflect By Andrej Nestrasil.
9:05 of 1st period - Stopped by Louis Domingue with a rebound.
9:07 of 1st period - Snap shot by Andrej Nestrasil.
9:07 of 1st period - Shot Misses the Net.
9:09 of 1st period - Snap shot by Scott Harrington.
9:09 of 1st period - Stopped by Louis Domingue with a rebound.
9:11 of 1st period - Wrist shot by Dennis Everberg.
9:11 of 1st period - Stopped by Louis Domingue without a rebound.
9:12 of 1st period - John Quenneville wins face-off versus Andrej Nestrasil in Punishers zone.
9:37 of 1st period - Teemu Pulkkinen is hit by Radek Faksa and loses puck.
9:58 of 1st period - Icing by Oskar Lindblom.
9:59 of 1st period - Radek Faksa wins face-off versus Adam Ruzicka in Punishers zone.
11:26 of 1st period - Artem Zub is hit by Dennis Everberg.
11:42 of 1st period - Oliver Kylington is hit by Artem Zub and loses puck.
11:50 of 1st period - Off-side.
11:51 of 1st period - Radek Faksa wins face-off versus Chandler Stephenson in neutral zone.
12:16 of 1st period - Noah Juulsen is hit by Juuso Riikola and loses puck.
12:37 of 1st period - Off-side.
12:38 of 1st period - Nicolas Petan wins face-off versus Kevin Roy in neutral zone.
12:49 of 1st period - Wrist shot by Teemu Pulkkinen.
12:49 of 1st period - Stopped by Louis Domingue with a rebound.
13:01 of 1st period - Slapshot by Dennis Everberg.
13:01 of 1st period - Stopped by Louis Domingue without a rebound.
13:02 of 1st period - Andrej Nestrasil wins face-off versus Radek Faksa in Punishers zone.
13:10 of 1st period - Wrist shot by Radek Faksa.
13:10 of 1st period - Shot Misses the Net.
13:12 of 1st period - Slapshot by Artem Zub.
13:12 of 1st period - Stopped by Thatcher Demko without a rebound.
13:13 of 1st period - Andrej Nestrasil wins face-off versus Radek Faksa in Comets zone.
14:10 of 1st period - Icing by Christian Dvorak.
14:11 of 1st period - Radek Faksa wins face-off versus Nicolas Petan in Comets zone.
14:12 of 1st period - Slapshot by Corey Tropp.
14:12 of 1st period - Goal by Corey Tropp - Punishers : 1 - Comets : 1.
14:13 of 1st period - Andrej Nestrasil wins face-off versus Radek Faksa in neutral zone.
14:45 of 1st period - Snap shot by John Quenneville.
14:45 of 1st period - Shot Misses the Net.
14:47 of 1st period - Slapshot by Phillip Danault.
14:47 of 1st period - Shot Misses the Net.
15:18 of 1st period - Scott Harrington is hit by Artem Zub and loses puck.
15:38 of 1st period - Icing by Radek Faksa.
15:39 of 1st period - Andrej Nestrasil wins face-off versus Radek Faksa in Punishers zone.
15:49 of 1st period - Wrist shot by Christian Dvorak.
15:49 of 1st period - Shot Hit the Post.
16:07 of 1st period - Wrist shot by Phillip Danault.
16:07 of 1st period - Stopped by Thatcher Demko with a rebound.
16:31 of 1st period - Wrist shot by Juho Lammikko.
16:31 of 1st period - Shot Misses the Net.
16:33 of 1st period - Wrist shot by Phil Di Giuseppe.
16:33 of 1st period - Goal by Phil Di Giuseppe - Punishers : 1 - Comets : 2.
16:34 of 1st period - Radek Faksa wins face-off versus Andrej Nestrasil in neutral zone.
16:51 of 1st period - Alex Petrovic is hit by Andrej Nestrasil and loses puck.
17:10 of 1st period - Snap shot by Joshua Leivo.
17:10 of 1st period - Shot Blocked by Artem Zub.
17:12 of 1st period - Snap shot by Kurtis Macdermid.
17:12 of 1st period - Stopped by Louis Domingue with a rebound.
17:14 of 1st period - Slapshot by Oliver Kylington.
17:14 of 1st period - Stopped by Louis Domingue without a rebound.
17:15 of 1st period - John Quenneville wins face-off versus Andrej Nestrasil in Punishers zone.
17:39 of 1st period - Ben Betker is hit by Nicolas Petan.
17:58 of 1st period - Minor Penalty to Phil Di Giuseppe for Slashing.
17:59 of 1st period - Radek Faksa wins face-off versus Andrej Nestrasil in Comets zone.
18:04 of 1st period - Wrist shot by Corey Tropp.
18:04 of 1st period - Shot Blocked by Dan Renouf.
18:06 of 1st period - Slapshot by Noah Juulsen.
18:06 of 1st period - Shot Misses the Net.
18:08 of 1st period - Slapshot by Alex Petrovic.
18:08 of 1st period - Stopped by Thatcher Demko with a rebound.
18:10 of 1st period - Slapshot by Alex Petrovic.
18:10 of 1st period - Stopped by Thatcher Demko with a rebound.
18:12 of 1st period - Slapshot by Oskar Lindblom.
18:12 of 1st period - Shot Blocked by Scott Harrington.
18:14 of 1st period - Snap shot by Alex Petrovic.
18:14 of 1st period - Stopped by Thatcher Demko without a rebound.
18:15 of 1st period - Dennis Everberg wins face-off versus Radek Faksa in Comets zone.
18:40 of 1st period - Dennis Everberg is hit by Carter Ashton and loses puck.
18:47 of 1st period - Snap shot by Carter Ashton.
18:47 of 1st period - Deflect By John Quenneville.
18:47 of 1st period - Stopped by Thatcher Demko with a rebound.
19:40 of 1st period - Icing by Corey Tropp.
19:41 of 1st period - Nicolas Petan wins face-off versus Oskar Lindblom in Punishers zone.
19:58 of 1st period - Penalty to Phil Di Giuseppe is over, Phil Di Giuseppe is back on ice.
Goals for this period are 1 for Punishers vs 2 for Comets.
Shots for this period are 11 for Punishers vs 12 for Comets.
2nd period
0:01 of 2nd period - Dennis Everberg wins face-off versus Radek Faksa in neutral zone.
0:53 of 2nd period - Slapshot by Kole Lind.
0:53 of 2nd period - Stopped by Thatcher Demko with a rebound.
0:55 of 2nd period - Slapshot by Alex Petrovic.
0:55 of 2nd period - Stopped by Thatcher Demko without a rebound.
0:56 of 2nd period - Chandler Stephenson wins face-off versus Radek Faksa in Comets zone.
1:09 of 2nd period - Wrist shot by Kurtis Macdermid.
1:09 of 2nd period - Shot Blocked by Ben Betker.
1:11 of 2nd period - Wrist shot by Kurtis Macdermid.
1:11 of 2nd period - Goal by Kurtis Macdermid - Punishers : 1 - Comets : 3.
1:12 of 2nd period - Andrej Nestrasil wins face-off versus Radek Faksa in neutral zone.
1:15 of 2nd period - Slapshot by Scott Harrington.
1:15 of 2nd period - Shot Blocked by Noah Juulsen.
1:17 of 2nd period - Wrist shot by Christian Dvorak.
1:17 of 2nd period - Deflect By Andrej Nestrasil.
1:17 of 2nd period - Shot Misses the Net.
1:17 of 2nd period - Puck is out of play.
1:18 of 2nd period - Andrej Nestrasil wins face-off versus Corey Tropp in Punishers zone.
1:47 of 2nd period - Snap shot by Kole Lind.
1:47 of 2nd period - Shot Misses the Net.
2:03 of 2nd period - Snap shot by Dennis Everberg.
2:03 of 2nd period - Stopped by Louis Domingue with a rebound.
2:05 of 2nd period - Snap shot by Christian Dvorak.
2:05 of 2nd period - Shot Hit the Post.
2:07 of 2nd period - Slapshot by Oliver Kylington.
2:07 of 2nd period - Deflect By Christian Dvorak.
2:07 of 2nd period - Shot Blocked by Alex Petrovic.
2:07 of 2nd period - Puck is out of play.
2:08 of 2nd period - Nicolas Petan wins face-off versus John Quenneville in Punishers zone.
2:19 of 2nd period - Snap shot by John Quenneville.
2:19 of 2nd period - Shot Misses the Net.
2:40 of 2nd period - Slapshot by Nicolas Petan.
2:40 of 2nd period - Deflect By Teemu Pulkkinen.
2:40 of 2nd period - Stopped by Louis Domingue with a rebound.
2:46 of 2nd period - Slapshot by Teemu Pulkkinen.
2:46 of 2nd period - Shot Misses the Net.
3:04 of 2nd period - Slapshot by Teemu Pulkkinen.
3:04 of 2nd period - Stopped by Louis Domingue without a rebound.
3:05 of 2nd period - Andrej Nestrasil wins face-off versus Radek Faksa in Punishers zone.
3:11 of 2nd period - Minor Penalty to Christian Dvorak for Roughing.
3:12 of 2nd period - Andrej Nestrasil wins face-off versus Radek Faksa in Comets zone.
3:12 of 2nd period - Andrej Nestrasil is hit by Oskar Lindblom.
3:45 of 2nd period - Andrej Nestrasil is hit by John Quenneville and loses puck.
4:29 of 2nd period - Snap shot by Teemu Pulkkinen.
4:29 of 2nd period - Shot Blocked by Ben Betker.
5:01 of 2nd period - Oskar Lindblom is hit by Kurtis Macdermid and loses puck.
5:11 of 2nd period - Penalty to Christian Dvorak is over, Christian Dvorak is back on ice.
5:58 of 2nd period - Scott Harrington is hit by Phillip Danault and loses puck.
6:09 of 2nd period - Wrist shot by Anton Blidh.
6:09 of 2nd period - Stopped by Thatcher Demko without a rebound.
6:10 of 2nd period - Daniel Audette wins face-off versus Adam Ruzicka in Comets zone.
6:11 of 2nd period - Snap shot by Anton Blidh.
6:11 of 2nd period - Deflect By Daniel Audette.
6:11 of 2nd period - Shot Misses the Net.
6:11 of 2nd period - Puck is out of play.
6:12 of 2nd period - Daniel Audette wins face-off versus Adam Ruzicka in Comets zone.
6:36 of 2nd period - Juuso Riikola is hit by Ben Betker and loses puck.
6:59 of 2nd period - Slapshot by Anton Blidh.
6:59 of 2nd period - Shot Misses the Net.
7:01 of 2nd period - Slapshot by Alex Petrovic.
7:01 of 2nd period - Stopped by Thatcher Demko with a rebound.
7:03 of 2nd period - Slapshot by Alex Petrovic.
7:03 of 2nd period - Shot Misses the Net.
7:11 of 2nd period - Wrist shot by Anton Blidh.
7:11 of 2nd period - Stopped by Thatcher Demko with a rebound.
7:13 of 2nd period - Wrist shot by Ben Betker.
7:13 of 2nd period - Stopped by Thatcher Demko with a rebound.
7:23 of 2nd period - Wrist shot by Phil Di Giuseppe.
7:23 of 2nd period - Stopped by Louis Domingue without a rebound.
7:24 of 2nd period - Andrej Nestrasil wins face-off versus Radek Faksa in Punishers zone.
7:50 of 2nd period - Phillip Danault is hit by Kurtis Macdermid and loses puck.
8:11 of 2nd period - Wrist shot by Teemu Pulkkinen.
8:11 of 2nd period - Shot Misses the Net.
8:13 of 2nd period - Wrist shot by Teemu Pulkkinen.
8:13 of 2nd period - Goal by Teemu Pulkkinen - Punishers : 1 - Comets : 4.
8:14 of 2nd period - Andrej Nestrasil wins face-off versus Radek Faksa in neutral zone.
8:17 of 2nd period - Fredrik Claesson is hit by Christian Dvorak and loses puck.
8:26 of 2nd period - Snap shot by Andrej Nestrasil.
8:26 of 2nd period - Stopped by Louis Domingue with a rebound.
8:28 of 2nd period - Slapshot by Oliver Kylington.
8:28 of 2nd period - Stopped by Louis Domingue without a rebound.
8:29 of 2nd period - John Quenneville wins face-off versus Christian Dvorak in Punishers zone.
9:42 of 2nd period - Wrist shot by Austen Brassard.
9:42 of 2nd period - Stopped by Thatcher Demko without a rebound.
9:43 of 2nd period - Radek Faksa wins face-off versus Andrej Nestrasil in Comets zone.
10:08 of 2nd period - John Quenneville is hit by Joshua Leivo and loses puck.
10:31 of 2nd period - Slapshot by Alex Petrovic.
10:31 of 2nd period - Stopped by Thatcher Demko without a rebound.
10:32 of 2nd period - Andrej Nestrasil wins face-off versus Kevin Roy in Comets zone.
10:43 of 2nd period - Snap shot by Kevin Roy.
10:43 of 2nd period - Stopped by Thatcher Demko without a rebound.
10:44 of 2nd period - Radek Faksa wins face-off versus Andrej Nestrasil in Comets zone.
11:14 of 2nd period - Snap shot by Carter Ashton.
11:14 of 2nd period - Shot Misses the Net.
11:50 of 2nd period - Andrej Nestrasil is hit by Daniel Audette and loses puck.
12:05 of 2nd period - Snap shot by Teemu Pulkkinen.
12:05 of 2nd period - Deflect By Nicolas Petan.
12:05 of 2nd period - Stopped by Louis Domingue with a rebound.
12:07 of 2nd period - Snap shot by Kurtis Macdermid.
12:07 of 2nd period - Shot Misses the Net.
12:09 of 2nd period - Backhand shot by Sami Niku.
12:09 of 2nd period - Stopped by Louis Domingue with a rebound.
12:11 of 2nd period - Snap shot by Teemu Pulkkinen.
12:11 of 2nd period - Stopped by Louis Domingue with a rebound.
12:27 of 2nd period - Wrist shot by Corey Tropp.
12:27 of 2nd period - Stopped by Thatcher Demko without a rebound.
12:28 of 2nd period - Corey Tropp wins face-off versus Andrej Nestrasil in Comets zone.
12:31 of 2nd period - Wrist shot by Oskar Lindblom.
12:31 of 2nd period - Stopped by Thatcher Demko without a rebound.
12:32 of 2nd period - Andrej Nestrasil wins face-off versus Radek Faksa in Comets zone.
12:46 of 2nd period - Minor Penalty to Andrej Nestrasil for Diving.
12:47 of 2nd period - Radek Faksa wins face-off versus Christian Dvorak in Comets zone.
13:39 of 2nd period - Minor Penalty to Juuso Riikola for Interference.
13:40 of 2nd period - Radek Faksa wins face-off versus Christian Dvorak in Comets zone.
14:05 of 2nd period - Snap shot by John Quenneville.
14:05 of 2nd period - Shot Misses the Net.
14:46 of 2nd period - Penalty to Andrej Nestrasil is over, Andrej Nestrasil is back on ice.
14:57 of 2nd period - Snap shot by Andrej Nestrasil.
14:57 of 2nd period - Stopped by Louis Domingue with a rebound.
15:33 of 2nd period - Andrej Nestrasil is hit by Phillip Danault and loses puck.
15:39 of 2nd period - Penalty to Juuso Riikola is over, Juuso Riikola is back on ice.
16:00 of 2nd period - Slapshot by Dennis Everberg.
16:00 of 2nd period - Shot Misses the Net.
18:05 of 2nd period - Slapshot by Oliver Kylington.
18:05 of 2nd period - Deflect By Radek Faksa.
18:05 of 2nd period - Stopped by Louis Domingue with a rebound.
18:17 of 2nd period - Snap shot by Carter Ashton.
18:17 of 2nd period - Stopped by Thatcher Demko without a rebound.
18:18 of 2nd period - Chandler Stephenson wins face-off versus John Quenneville in Comets zone.
18:23 of 2nd period - Snap shot by Phillip Danault.
18:23 of 2nd period - Stopped by Thatcher Demko with a rebound.
18:25 of 2nd period - Snap shot by John Quenneville.
18:25 of 2nd period - Deflect By Juuso Riikola.
18:25 of 2nd period - Stopped by Thatcher Demko with a rebound.
18:27 of 2nd period - Slapshot by Fredrik Claesson.
18:27 of 2nd period - Deflect By Phillip Danault.
18:27 of 2nd period - Stopped by Thatcher Demko with a rebound.
18:29 of 2nd period - Snap shot by Phillip Danault.
18:29 of 2nd period - Stopped by Thatcher Demko with a rebound.
19:42 of 2nd period - Minor Penalty to Phillip Danault for Hooking.
19:43 of 2nd period - Christian Dvorak wins face-off versus Radek Faksa in Punishers zone.
19:46 of 2nd period - Snap shot by Dennis Everberg.
19:46 of 2nd period - Shot Misses the Net.
19:48 of 2nd period - Slapshot by Christian Dvorak.
19:48 of 2nd period - Stopped by Louis Domingue without a rebound.
19:49 of 2nd period - Radek Faksa wins face-off versus Andrej Nestrasil in Punishers zone.
Goals for this period are 0 for Punishers vs 2 for Comets.
Shots for this period are 16 for Punishers vs 14 for Comets.
3rd period
0:01 of 3rd period - Radek Faksa wins face-off versus Andrej Nestrasil in neutral zone.
0:36 of 3rd period - Slapshot by Oliver Kylington.
0:36 of 3rd period - Shot Misses the Net.
1:42 of 3rd period - Penalty to Phillip Danault is over, Phillip Danault is back on ice.
2:01 of 3rd period - Minor Penalty to Adam Ollas-Mattsson for Hooking.
2:02 of 3rd period - Radek Faksa wins face-off versus Andrej Nestrasil in Comets zone.
2:04 of 3rd period - Snap shot by Oskar Lindblom.
2:04 of 3rd period - Shot Blocked by Dan Renouf.
2:06 of 3rd period - Wrist shot by Oskar Lindblom.
2:06 of 3rd period - Shot Misses the Net.
2:08 of 3rd period - Slapshot by Radek Faksa.
2:08 of 3rd period - Shot Misses the Net.
2:10 of 3rd period - Slapshot by Noah Juulsen.
2:10 of 3rd period - Shot Blocked by Andrej Nestrasil.
2:12 of 3rd period - Wrist shot by Oskar Lindblom.
2:12 of 3rd period - Shot Misses the Net.
2:14 of 3rd period - Slapshot by Alex Petrovic.
2:14 of 3rd period - Stopped by Thatcher Demko with a rebound.
2:16 of 3rd period - Slapshot by Ben Betker.
2:16 of 3rd period - Stopped by Thatcher Demko without a rebound.
2:17 of 3rd period - Andrej Nestrasil wins face-off versus Radek Faksa in Comets zone.
2:28 of 3rd period - Slapshot by Radek Faksa.
2:28 of 3rd period - Shot Blocked by Scott Harrington.
2:30 of 3rd period - Slapshot by Artem Zub.
2:30 of 3rd period - Deflect By Radek Faksa.
2:30 of 3rd period - Shot Misses the Net.
2:30 of 3rd period - Puck is out of play.
2:31 of 3rd period - Andrej Nestrasil wins face-off versus John Quenneville in Comets zone.
2:41 of 3rd period - Off-side.
2:42 of 3rd period - Radek Faksa wins face-off versus Dennis Everberg in neutral zone.
2:45 of 3rd period - Slapshot by Alex Petrovic.
2:45 of 3rd period - Stopped by Thatcher Demko with a rebound.
2:47 of 3rd period - Slapshot by Alex Petrovic.
2:47 of 3rd period - Deflect By Oskar Lindblom.
2:47 of 3rd period - Stopped by Thatcher Demko with a rebound.
2:49 of 3rd period - Slapshot by Noah Juulsen.
2:49 of 3rd period - Stopped by Thatcher Demko without a rebound.
2:50 of 3rd period - Andrej Nestrasil wins face-off versus Radek Faksa in Comets zone.
3:21 of 3rd period - Wrist shot by Phillip Danault.
3:21 of 3rd period - Shot Blocked by Teemu Pulkkinen.
4:01 of 3rd period - Penalty to Adam Ollas-Mattsson is over, Adam Ollas-Mattsson is back on ice.
4:17 of 3rd period - Adam Ruzicka is hit by Kole Lind and loses puck.
4:56 of 3rd period - Kevin Roy is hit by Kurtis Macdermid and loses puck.
5:27 of 3rd period - Slapshot by Alex Petrovic.
5:27 of 3rd period - Shot Misses the Net.
5:59 of 3rd period - Christian Dvorak is hit by Alex Petrovic and loses puck.
7:52 of 3rd period - Major Penalty to Anton Blidh for Boarding.
7:53 of 3rd period - Andrej Nestrasil wins face-off versus Radek Faksa in Punishers zone.
7:58 of 3rd period - Wrist shot by Dennis Everberg.
7:58 of 3rd period - Shot Blocked by Alex Petrovic.
8:27 of 3rd period - Snap shot by Juuso Riikola.
8:27 of 3rd period - Shot Misses the Net.
8:29 of 3rd period - Slapshot by Juuso Riikola.
8:29 of 3rd period - Deflect By Nicolas Petan.
8:29 of 3rd period - Stopped by Louis Domingue with a rebound.
8:31 of 3rd period - Wrist shot by Teemu Pulkkinen.
8:31 of 3rd period - Stopped by Louis Domingue without a rebound.
8:32 of 3rd period - John Quenneville wins face-off versus Nicolas Petan in Punishers zone.
8:55 of 3rd period - Snap shot by Juuso Riikola.
8:55 of 3rd period - Shot Blocked by Alex Petrovic.
8:57 of 3rd period - Snap shot by Teemu Pulkkinen.
8:57 of 3rd period - Shot Misses the Net.
8:59 of 3rd period - Wrist shot by Daniil Miromanov.
8:59 of 3rd period - Stopped by Louis Domingue with a rebound.
9:01 of 3rd period - Slapshot by Juuso Riikola.
9:01 of 3rd period - Shot Blocked by Alex Petrovic.
9:05 of 3rd period - Wrist shot by Teemu Pulkkinen.
9:05 of 3rd period - Stopped by Louis Domingue without a rebound.
9:06 of 3rd period - Andrej Nestrasil wins face-off versus Phillip Danault in Punishers zone.
9:30 of 3rd period - Oliver Kylington is hit by Noah Juulsen and loses puck.
9:49 of 3rd period - Slapshot by Oliver Kylington.
9:49 of 3rd period - Stopped by Louis Domingue with a rebound.
11:08 of 3rd period - Icing by Kale Clague.
11:09 of 3rd period - Andrej Nestrasil wins face-off versus Radek Faksa in Comets zone.
12:34 of 3rd period - Juuso Riikola is hit by Tanner Jeannot and loses puck.
12:52 of 3rd period - Penalty to Anton Blidh is over, Anton Blidh is back on ice.
14:07 of 3rd period - Chandler Stephenson is hit by Radek Faksa.
15:35 of 3rd period - Dan Renouf is hit by Anton Blidh.
15:56 of 3rd period - Sami Niku is hit by Corey Tropp and loses puck.
17:07 of 3rd period - Phil Di Giuseppe is hit by Ben Betker and loses puck.
17:21 of 3rd period - Minor Penalty to Adam Ruzicka for Tripping.
17:22 of 3rd period - Radek Faksa wins face-off versus Andrej Nestrasil in Comets zone.
17:31 of 3rd period - Wrist shot by Radek Faksa.
17:31 of 3rd period - Goal by Radek Faksa - Punishers : 2 - Comets : 4.
17:32 of 3rd period - Christian Dvorak wins face-off versus Kevin Roy in neutral zone.
17:43 of 3rd period - Slapshot by Kevin Roy.
17:43 of 3rd period - Goal by Kevin Roy - Punishers : 3 - Comets : 4.
17:44 of 3rd period - Andrej Nestrasil wins face-off versus Kevin Roy in neutral zone.
17:53 of 3rd period - Wrist shot by Andrej Nestrasil.
17:53 of 3rd period - Stopped by Louis Domingue without a rebound.
17:54 of 3rd period - Kevin Roy wins face-off versus Andrej Nestrasil in Punishers zone.
18:03 of 3rd period - Snap shot by Kevin Roy.
18:03 of 3rd period - Shot Misses the Net.
18:29 of 3rd period - Punishers, Louis Domingue is pulled from the net.
18:58 of 3rd period - Slapshot by Alex Petrovic.
18:58 of 3rd period - Shot Blocked by Oliver Kylington.
19:00 of 3rd period - Backhand shot by Kevin Roy.
19:00 of 3rd period - Stopped by Thatcher Demko with a rebound.
19:25 of 3rd period - Wrist shot by Dennis Everberg.
19:25 of 3rd period - Deflect By Christian Dvorak.
19:25 of 3rd period - Goal by Christian Dvorak - Punishers : 3 - Comets : 5.
19:25 of 3rd period - Louis Domingue from Punishers was sent back in the game.
19:26 of 3rd period - John Quenneville wins face-off versus Kurtis Macdermid in neutral zone.
19:35 of 3rd period - Snap shot by Phillip Danault.
19:35 of 3rd period - Deflect By Carter Ashton.
19:35 of 3rd period - Goal by Carter Ashton - Punishers : 4 - Comets : 5.
19:36 of 3rd period - Phillip Danault wins face-off versus Andrej Nestrasil in neutral zone.
19:45 of 3rd period - Corey Tropp is hit by Juuso Riikola and loses puck.
19:54 of 3rd period - Punishers, Louis Domingue is pulled from the net.
Goals for this period are 3 for Punishers vs 1 for Comets.
Shots for this period are 9 for Punishers vs 7 for Comets.